 Dungeon Crawl Stone Soup version 0.29-a0-819-g94b489e0ae (webtiles) character file.

Game seed: 5473649741860367230

2732 xian the Destroyer (level 9, -6/55 HPs)
             Began as an Octopode Conjurer on July 6, 2022.
             Killed from afar by a steam dragon (24 damage)
             ... with a ball of steam
             ... on level 8 of the Dungeon.
             The game lasted 00:21:10 (8366 turns).

xian the Destroyer (Octopode Conjurer)              Turns: 8366, Time: 00:21:10

Health: -6/55      AC:  5    Str:  6    XL:     9   Next: 67%
Magic:  9/20       EV: 18    Int: 25    God:
Gold:   450        SH:  0    Dex: 10    Spells: 19/22 levels left

rFire   x . .      SeeInvis .   c - +4 hand axe (freeze)
rCold   + . .      Faith    .   (no shield)
rNeg    . . .      Spirit   .   (helmet restricted)
rPois   .          Reflect  .   (no amulet)
rElec   .          Harm     .   f - +4 ring of evasion
rCorr   .          Rampage  .   o - ring of ice
Will    .....                   s - +4 ring of protection
Stlth   ++++......              (no ring)
HPRegen 0.18/turn               (no ring)
MPRegen 0.17/turn               (no ring)
                                (no ring)
                                (no ring)

@: no status effects
A: almost no armour, amphibious, 8 rings, camouflage 1, gelatinous body 1,
(nimble swimmer 1), tentacles
a: no special abilities


You were on level 8 of the Dungeon.
You visited 1 branch of the dungeon, and saw 8 of its levels.
You also visited: Ossuary.

You collected 450 gold pieces.

Inventory:

Hand Weapons
 c - a +4 hand axe of freezing (weapon)
Missiles
 y - a curare-tipped dart
Jewellery
 f - a +4 ring of evasion (left tentacle)
 o - a ring of ice (right tentacle)
 s - a +4 ring of protection (on tentacle)
 w - a ring of wizardry
 x - a ring of protection from cold
Wands
 j - a wand of flame (32)
Scrolls
 e - a scroll of fear
 g - a scroll of poison
 h - 2 scrolls of amnesia
 m - 2 scrolls of fog
 p - 4 scrolls of teleportation
 t - 2 scrolls of magic mapping
 C - a scroll of enchant armour
Potions
 a - 2 potions of magic
 b - 2 potions of haste
 d - 2 potions of brilliance
 i - a potion of cancellation {unknown}
 k - a potion of might
 l - 3 potions of heal wounds
 n - 3 potions of mutation
 q - 2 potions of flight
 r - 2 potions of curing {unknown}
 u - a potion of ambrosia {unknown}
 v - a potion of lignification {unknown}
 z - a potion of resistance {unknown}
 A - a potion of berserk rage {unknown}
 B - a potion of invisibility {unknown}


   Skills:
 + Level 2.4 Fighting
 + Level 3.1 Axes
 + Level 4.7 Dodging
 + Level 5.5 Stealth
 + Level 7.4 Spellcasting
 + Level 8.6 Conjurations


You had 19 spell levels left.
You knew the following spells:

 Your Spells              Type           Power      Damage    Failure   Level
a - Magic Dart            Conj           100%       1d8       1%          1
b - Searing Ray           Conj           100%       2d8       1%          2

Your spell library contained the following spells:

 Spells                   Type           Power      Damage    Failure   Level
 Dazzling Flash           Conj/Hex       60%        N/A       3%          3
 Freeze                   Ice            52%        1d7       6%          1
 Sting                    Tmut/Pois      36%        1d4       6%          1
 Poisonous Vapours        Pois/Air       18%        N/A       10%         2
 Sublimation of Blood     Necr           9%         N/A       10%         2
 Wereblood                Tmut           9%         N/A       10%         2
 Fulminant Prism          Conj/Hex       15%        3d11      11%         4
 Hailstorm                Conj/Ice       46%        3d11      11%         4
 Iskenderun's Mystic Bla  Conj/Tloc      30%        2d8       11%         4
 Frozen Ramparts          Ice            26%        1d4       19%         3
 Olgreb's Toxic Radiance  Pois           9%         N/A       54%         4
 Summon Hydra             Summ           4%         N/A       100%        7


Dungeon Overview and Level Annotations

Branches:
Dungeon (8/15)             Temple (0/1) D:6            Lair (0/6) D:8
Ossuary (visited)

Altars:
Dithmenos
Vehumet
Xom
The Shining One

Shops:
D:7 *

Annotations:
D:7 3 runed translucent doors, Gus979's ghost, novice DrIE


Innate Abilities, Weirdness & Mutations

You cannot wear most types of armour.
You are amphibious.
You can wear up to eight rings at the same time.
Your skin changes colour to match your surroundings (Stealth+).
Your rubbery body absorbs attacks. (AC +1, EV +1)
((You are camouflaged when in or above water. (Stealth+)))
You have tentacles for arms and can constrict up to eight enemies at once.


Message History

The searing ray hits the water moccasin!
The water moccasin is heavily wounded.
The water moccasin closely misses you.
The searing ray hits the water moccasin.
The water moccasin is severely wounded.
The water moccasin bites you.
The searing ray misses the water moccasin.
You finish channelling your searing ray.
The water moccasin barely misses you.
Casting: Searing Ray (safe; 1% risk of failure)
Confirm with . or Enter, or press ? or * to list all spells.
Aiming: Searing Ray (safe; 1% risk of failure)
Press: ? - help, Shift-Dir - straight line, f/p - water moccasin
Aim: a water moccasin (severely wounded, 72% to hit)
The searing ray misses the water moccasin. (Press . to maintain the ray.)
The water moccasin barely misses you. The water moccasin misses you.
The searing ray hits the water moccasin!
The water moccasin is almost dead.
The water moccasin closely misses you.
The searing ray hits the water moccasin.
You kill the water moccasin!
You now have 450 gold pieces (gained 12).
A steam dragon comes into view.
A steam dragon is nearby!
Casting: Searing Ray (safe; 1% risk of failure)
Confirm with . or Enter, or press ? or * to list all spells.
Aiming: Searing Ray (safe; 1% risk of failure)
Press: ? - help, Shift-Dir - straight line, f - steam dragon
Aim: a steam dragon (asleep, 100% to hit)
The searing ray hits the steam dragon.
The steam dragon is lightly wounded. (Press . to maintain the ray.)
The steam dragon breathes steam at you. The ball of steam hits you!!
The steam scalds you terribly!
Ouch! That really hurt!
You are engulfed in a cloud of scalding steam.
The steam dragon breathes steam at you. The ball of steam hits you!!
The steam scalds you terribly!
You die...

######### # ###.... ..#
#. .....# #.# #.
#..###.##### #..
#..........#
#..###..#.#..##.#
#..)....#.#..##.########
####..§§@...............
#.D####.#####.###..###
#§## #.#####.# # #.
#.......# #D ###....<#
#D #......# #. #....#.#
.. #........ #.
#.....##.#


There were no monsters in sight!

Vanquished Creatures
  Grinder (D:4)
  2 water moccasins
  An ice beast (D:6)
  3 ogres
  2 centaurs
  A phantom (D:5)
  8 elf zombies (Ossuary)
  A kobold brigand (D:7)
  2 necrophages
  2 scorpions (D:5)
  A howler monkey (D:6)
  A hound (D:6)
  A centaur zombie (Ossuary)
  3 human zombies (Ossuary)
  4 orc priests
  A jelly (D:5)
  Crazy Yiuf (D:4)
  A gnoll bouda (D:4)
  2 iguanas
  Jessica (D:2)
  4 orc wizards
  Natasha (thrice) (D:4)
  3 mummies (Ossuary)
  5 gnolls (D:4)
  8 adders
  A shadow imp (D:5)
  A white imp (D:7)
  An ufetubus (D:5)
  2 worms
  A dart slug (D:3)
  20 orcs
  8 bats
  6 endoplasms
  2 giant cockroaches (D:3)
  10 goblins
  6 hobgoblins
  4 quokkas
  6 ball pythons
  2 frilled lizards (D:3)
  10 kobolds
  7 rats
149 creatures vanquished.

Notes
Turn   | Place    | Note
-------+----------+-------------------------------------------
     0 | D:1      | xian the Octopode Conjurer began the quest for the Orb.
     0 | D:1      | Reached XP level 1. HP: 11/11 MP: 3/3
   142 | D:1      | Reached XP level 2. HP: 15/17 MP: 3/5
   147 | D:1      | Learned a level 2 spell: Searing Ray
   953 | D:2      | Reached XP level 3. HP: 21/21 MP: 1/6
  1221 | D:2      | Reached skill level 5 in Conjurations
  1411 | D:2      | Noticed Jessica
  1416 | D:2      | Killed Jessica
  1417 | D:2      | Reached XP level 4. HP: 27/27 MP: 2/7
  2264 | D:3      | Reached XP level 5. HP: 26/31 MP: 4/8
  2464 | D:3      | Identified the +4 spear "Juanicol" {spect, rF+ Str+4}
  2611 | D:4      | Found a shimmering altar of Xom.
  2659 | D:5      | Entered Level 5 of the Dungeon
  2659 | D:5      | Noticed a phantom
  2663 | D:4      | HP: 1/31 [orc/+0 club (5)]
  3038 | D:4      | Noticed an ogre
  3045 | D:4      | Killed an ogre
  3046 | D:4      | Reached skill level 1 in Axes
  3046 | D:4      | Reached skill level 6 in Conjurations
  3046 | D:4      | Reached XP level 6. HP: 20/37 MP: 1/10
  3258 | D:4      | Noticed Grinder
  3355 | D:4      | Killed Grinder
  3356 | D:4      | Reached XP level 7. HP: 38/42 MP: 1/13
  3471 | D:4      | Found a shadowy altar of Dithmenos.
  3746 | D:4      | Noticed Natasha
  3752 | D:4      | Killed Natasha
  3753 | D:4      | Reached skill level 1 in Fighting
  4012 | D:4      | Noticed Natasha
  4022 | D:4      | Killed Natasha
  4191 | D:4      | Noticed Natasha
  4196 | D:4      | Killed Natasha
  4295 | D:4      | Found a runed translucent door.
  4296 | D:4      | Noticed Crazy Yiuf
  4302 | D:4      | Killed Crazy Yiuf
  4486 | D:5      | Reached skill level 7 in Conjurations
  4661 | D:5      | Reached XP level 8. HP: 48/48 MP: 9/15
  4720 | D:5      | Reached skill level 5 in Spellcasting
  5413 | D:6      | Found a staircase to the Ecumenical Temple.
  5704 | D:6      | Found a glowing golden altar of the Shining One.
  6062 | D:6      | Found a radiant altar of Vehumet.
  6532 | D:7      | Found a runed translucent gate.
  6532 | D:7      | Found a runed translucent gate.
  6532 | D:7      | Found a runed translucent gate.
  6563 | D:7      | Found Uthrail's Fire Supplies.
  6576 | D:7      | Reached skill level 5 in Stealth
  6613 | D:7      | Found a sand-covered staircase.
  6629 | Ossuary  | Entered an ossuary
  6648 | Ossuary  | Reached XP level 9. HP: 52/54 MP: 6/18
  6697 | Ossuary  | Reached skill level 8 in Conjurations
  7734 | D:7      | Noticed Gus979's ghost (novice DrIE)
  8322 | D:8      | Found a staircase to the Lair.
  8366 | D:8      | Killed from afar by a steam dragon

Illustrated notes

Levels and vault maps discovered:
D:1:      nagdon_arrival_double_spiral, layout_rooms, minmay_tetromino_t4
D:2:      layout_basic, uniq_jessica
D:3:      layout_rooms
D:4:      layout_loops_ring, old_standard_altar, old_standard_altar,
          amcnicky_mini_pool_small, uniq_grinder, uniq_crazy_yiuf_cottage,
          uniq_natasha
D:5:      layout_rooms
D:6:      layout_rooms, mainiacjoe_overflow_chevrons,
          mainiacjoe_overflow_cross_hatched,
          minmay_temple_entry_drinking_statues, minmay_misc_feat_four_crosses,
          minmay_misc_feat_tower
D:7:      layout_cave_pods, ebering_ghost_rock_garden, enter_ossuary_1,
          nicolae_shop_fire_sale [nicolae_sub_dead_trees]
D:8:      layout_loops_cross, lair_entry_dummy

Skill      XL: |  1  2  3  4  5  6  7  8  9 |
---------------+----------------------------+-----
Conjurations   | 5 6 7 8 |  8.6
Axes           | 1 2 3 |  3.1
Stealth        | 3 4 5 |  5.5
Spellcasting   | 3 4 6 7 |  7.4
Fighting       | 1 2 |  2.4
Dodging        | 3 4 |  4.7

Action                   |  1- 3 |  4- 6 |  7- 9 || total
-------------------------+-------+-------+-------++-------
Melee: Hand axe          |    13 |     2 |    25 ||    40
       Constrict         |     4 |     1 |     7 ||    12
       Punch             |     1 |       |       ||     1
       Tentacles         |       |     1 |     7 ||     8
 Cast: Magic Dart        |    41 |    76 |    70 ||   187
       Searing Ray       |     3 |     7 |    58 ||    68
  Use: Scroll            |     5 |     7 |    10 ||    22
       Potion            |       |     1 |       ||     1
Armor: Skin              |     1 |     1 |    12 ||    14
Dodge: Dodged            |    22 |    24 |    72 ||   118

Table legend: (Time is in decaauts)
 A = Elapsed time spent in this place.
 B = Non-inter-level travel time spent in this place.
 C = Inter-level travel time spent in this place.
 D = Time resting spent in this place.
 E = Time spent auto-exploring this place.
 F = Levels seen in this place.
 G = Mean time per level.
                   A        B        C        D        E       F      G
               +--------+--------+--------+--------+--------+-----+--------+
         Total |   8373 |   8197 |    176 |    124 |   6706 |   9 |  930.3 |
       Dungeon |   7607 |   7431 |    176 |    120 |   6207 |   8 |  950.9 |
       Ossuary |    765 |    765 |      0 |      4 |    499 |   1 |  765.0 |
               +--------+--------+--------+--------+--------+-----+--------+

Top non-repeatable levels by time:
     D:4: 1781 daAuts
     D:7: 1179 daAuts
     D:2: 1034 daAuts
     D:6: 992 daAuts
     D:5: 920 daAuts
     D:3: 829 daAuts
     D:1: 825 daAuts
 Ossuary: 765 daAuts
     D:8: 43 daAuts
